[Event "SVK ECo-C Extraliga 2021-22"]
[Site "Slovakia"]
[Date "2022.06.11"]
[Round "10"]
[White "Nadzamova Viktoria"]
[Black "Jozefek, Michal"]
[Result "1-0"]
[ECO "E16"]
[WhiteElo "2113"]
[BlackElo "2201"]
[Annotator "TA"]
[PlyCount "81"]
[EventDate "2021.10.21"]
[EventType "team-tourn"]
[EventCountry "SVK"]
[SourceTitle "playchess.com"]
[Source "ChessBase"]
[SourceQuality "1"]
[TimeControl "40/5400+30:1800+30"]

1. d4 Nf6 2. c4 e6 3. Nf3 b6 4. g3 Ba6 5. Nbd2 Be7 6. Bg2 Bb7 7. O-O {[%emt 0:01:30][%cal Oe2e4] E16: Queen's Indian: 4 g3 Bb7 5 Bg2 Bb4+.} c5 (7... O-O $11 {keeps the balance.}) 8. e3 (8. e4) (8. e4 $16) 8... O-O 9. b3 {[%emt 0:02:46] The position is equal.} Nc6 10. Bb2 cxd4 11. exd4 d5 12. Ne5 Rc8 {[%emt 0:03:38] [#]} 13. cxd5 $146 ({Predecessor:} 13. Rc1 Rc7 14. Re1 dxc4 15. Ndxc4 Nxe5 16. dxe5 Nd5 17. Qg4 g6 18. Qe2 Ba6 19. Qe4 Bxc4 20. Rxc4 {0-1 (43) Farias,E (1898)-Calcado,A (2146) Florianopolis 2016}) 13... Nxd5 14. Nxc6 Bxc6 15. Nf3 (15. Rc1 $11) 15... Bb5 $17 16. Re1 Nb4 {[%emt 0:09:21] And now ...Nc2 would win.} 17. a4 Ba6 {[%emt 0:02:46] Threatens to win with ...Nc2.} 18. Ne5 Qd6 19. Ba3 Rfd8 $2 (19... Qd8 $11 {and Black stays safe.}) 20. Qh5 $2 ({White must play} 20. d5 $1 $18) 20... g6 $1 $14 21. Qf3 f6 (21... Rf8 $1 $14) 22. Ng4 $2 (22. Bxb4 $18 Qxb4 23. Nc6) 22... f5 (22... Qxd4 $2 23. Rad1 Qc3 24. Rxd8+ (24. Rxe6 Qxf3 25. Bxf3 Rxd1+ 26. Bxd1 Bc5 $11) 24... Bxd8 25. Qe4 Qxb3 26. Bxb4 $18) 23. Ne5 Qxd4 (23... Bf8 $14) 24. Rad1 $16 Qc5 25. Rxd8+ (25. Bxb4 $16 Rxd1 26. Qxd1 Qxb4 27. Nc6) 25... Rxd8 $11 26. h4 (26. Bf1 $1 $11 Bc8 27. Bc4) 26... Bc8 ({Better is} 26... Qc7 $15 27. Re3 Rd2) 27. h5 Bf6 28. hxg6 hxg6 (28... Bxe5 $11 29. gxh7+ Kh8 30. Bxb4 Qxb4 31. Rxe5 Qd2) 29. Nxg6 $14 {[%emt 0:00:11] Qh5 is the strong threat.} a5 (29... Qd4 $1 $14 30. Rc1 a5) 30. Rc1 $16 Qd4 {[%emt 0:01:03] [#]} 31. Qh5 $40 {[%emt 0:01:13][%mdl 128] White has some attack.} (31. Nf4 $1 $16) 31... Nd3 $2 (31... Qg4 $14 32. Qxg4 fxg4) 32. Rc7 $18 Bd7 {[%emt 0:01:11] [#]} 33. Ne7+ $1 Bxe7 34. Bxe7 Qxf2+ 35. Kh2 {[%emt 0:00:25] Intending Qg6+ and mate.} ({Weaker is} 35. Kh1 Qxg3 36. Qg5+ (36. Bxd8 Qe1+ 37. Kh2 Qe5+ 38. Kh1 Qe1+ 39. Kh2 Qe5+ 40. Kg1 Qe1+ 41. Bf1 Qg3+ 42. Bg2 Qe1+ 43. Bf1 Qg3+ 44. Bg2 Qe1+ $11) 36... Qxg5 37. Bxg5 Rc8 38. Rxd7 Rc3 $16) 35... Nf4 {[%emt 0:00:26] Against Qg6+} 36. Qg5+ {[%emt 0:00:33] White mates.} Kf7 37. Qf6+ Kg8 38. gxf4 Qxf4+ 39. Kh1 Be8 40. Qf8+ Kh7 41. Bxd8+ {[%emt 0:30:09] Weighted Error Value: White=0.48/Black=0.61} 1-0

[Event "SVK ECo-C Extraliga 2021-22"]
[Site "Slovakia"]
[Date "2022.06.11"]
[Round "10"]
[White "Szucs, Vladimir"]
[Black "Bojtos, Patrik"]
[Result "1-0"]
[ECO "D26"]
[WhiteElo "2082"]
[BlackElo "1986"]
[Annotator "TA"]
[PlyCount "113"]
[EventDate "2021.10.21"]
[EventType "team-tourn"]
[EventCountry "SVK"]
[SourceTitle "playchess.com"]
[Source "ChessBase"]
[SourceQuality "1"]
[TimeControl "40/5400+30:1800+30"]

1. d4 d5 2. c4 dxc4 3. Nf3 Nf6 4. e3 e6 5. Bxc4 Be7 6. O-O {[%emt 0:00:30] D26: Queen's Gambit Accepted: 4 e3 e6 5 Bxc5 c5 sidelines.} b6 7. Qa4+ (7. Nc3 $14) 7... c6 {[%emt 0:08:06] [#] ...b5 is the strong threat.} 8. Be2 $146 {[%emt 0:02:35] The position is equal.} ({Predecessor:} 8. Qb3 Bb7 9. Nc3 Qc7 10. Bd2 Nbd7 11. Rac1 a6 12. e4 b5 13. Be2 b4 14. Na4 {1-0 (22) Potocki,K (1851)-Czuraj,G Warsaw 2009}) 8... O-O 9. Rd1 Qc7 10. Nc3 Nbd7 11. Bd2 (11. e4 $1 $14) 11... b5 (11... c5 $11) 12. Qc2 $14 a6 13. Rac1 (13. b4 $5) 13... Qb6 (13... c5 $11 {keeps the balance.}) 14. e4 $16 {[%emt 0:05:34] White is more active.} c5 15. d5 ({White should play} 15. e5 $16 Ng4 16. Ne4 cxd4 17. Bg5 (17. Neg5 g6 $11) 17... Bxg5 18. Nexg5) 15... e5 (15... Bb7 $11) 16. h3 (16. b3 $1 $16) 16... c4 $14 17. Be3 $36 {[%emt 0:01:22][%mdl 2048] White is more active.} Bc5 18. Bxc5 Qxc5 19. b3 cxb3 20. Qxb3 {[%emt 0:00:14][%cal Rc3b5] Strongly threatening Nxb5!} Qd6 21. a3 $1 Nc5 22. Qb4 a5 $2 (22... Nfd7 $16) 23. Nxb5 $18 axb4 24. Nxd6 Ncxe4 25. Nxe4 ({Inferior is} 25. Nxc8 Rfxc8 26. Rxc8+ (26. axb4 Nc3 $11) 26... Rxc8 27. axb4 Nc3 $11) 25... Nxe4 26. axb4 {[%emt 0:01:10] Threatens to win with d6.} Rb8 (26... g6 $142 27. Bd3 Nd6) 27. Nxe5 Rxb4 28. Nc6 Rb2 29. Ne7+ Kh8 30. Rxc8 Rxc8 31. Nxc8 Nc3 {[%emt 0:01:34] [#]} 32. Re1 Rxe2 33. Rxe2 Nxe2+ {[%emt 0:00:03][%mdl 4096] Endgame KN-KN} 34. Kf1 Nd4 35. Ne7 g6 36. Nc6 Nb5 37. Ke1 Kg8 38. Kd2 Kf8 39. Kd3 Ke8 40. Kc4 Nd6+ 41. Kd4 f6 42. g4 Kd7 43. f3 Kc7 $2 (43... h5 $16 {is a better chance.} 44. Na5 Nf7) 44. Ne7 Nf7 $2 (44... Ne8 45. Ng8 g5) 45. f4 g5 46. Ke4 Nd6+ 47. Kf3 Kb6 {[%emt 0:00:00] [#]} 48. Ng8 $1 Ne8 49. fxg5 fxg5 50. Ke4 Kc5 51. Ke5 {[%emt 0:00:00] Intending Nf6 and mate.} Nd6 52. Nf6 {[%emt 0:00:00] White threatens Nd7+ and mate.} Nc4+ 53. Ke6 h6 54. Ng8 (54. Ne4+ $142 Kd4 {[#]} 55. d6 $1) 54... Ne3 55. d6 {[%emt 0:00:00][%cal Bd5d6,Bd6d7][%mdl 32] White mates.} Kc6 56. Ne7+ Kb7 57. d7 {[%emt 0:00:00] Weighted Error Value: White=0.16 (very precise) /Black=0.72} 1-0

[Event "SVK ECo-C Extraliga 2021-22"]
[Site "Slovakia"]
[Date "2022.06.11"]
[Round "10"]
[White "Tauber, Marek"]
[Black "Gzib, David"]
[Result "1/2-1/2"]
[ECO "D97"]
[WhiteElo "2050"]
[BlackElo "2040"]
[Annotator "TA RC"]
[PlyCount "110"]
[EventDate "2021.10.21"]
[EventType "team-tourn"]
[EventCountry "SVK"]
[SourceTitle "playchess.com"]
[Source "ChessBase"]
[SourceQuality "1"]
[TimeControl "40/5400+30:1800+30"]

1. d4 Nf6 2. c4 g6 3. Nf3 Bg7 4. Nc3 d5 5. Qb3 dxc4 6. Qxc4 O-O 7. e4 a6 8. e5 b5 9. Qb3 Be6 {[%emt 0:13:15] [#] D97: Grünfeld: Russian System: 7 e4, replies other than 7...Bg4.} (9... Nfd7 $11) 10. exf6 $1 Bxb3 11. fxg7 Kxg7 {[%emt 0:00:30] White has an edge.} 12. axb3 {[%emt 0:00:30] With the idea Bxb5.} Nc6 {[%emt 0:00:30] ...Nb4 is the strong threat.} 13. Be3 {[%emt 0:00:30][%mdl 1024] White has compensation.} Nb4 14. Rc1 {[%emt 0:00:30] Prevents Nc2+.} Nd5 (14... e6 $11) 15. Be2 ({White should play} 15. Nxd5 $14 Qxd5 16. Rc3) 15... c6 {[%emt 0:02:49] [#]} 16. O-O $146 ({Predecessor:} 16. Bd2 Rc8 17. O-O e6 18. Ne4 Qb6 19. Nc5 Rfe8 20. Ra1 Ra8 21. Ba5 Qa7 22. Ne5 {1-0 (30) Reyes Zavaleta,D (1626)-Guaraca Pintado,J (1789) Guayaquil 2022}) 16... f6 (16... Nxe3 $11 17. fxe3 Qd6) 17. Nxd5 $16 cxd5 18. Rc5 Qd7 (18... Rc8 $1 $11) 19. b4 Rfc8 20. Rfc1 {[%emt 0:04:58] White is more active.} Rxc5 21. bxc5 Qc6 22. b4 (22. Ne1 $14) 22... a5 $1 $11 23. bxa5 Rxa5 24. Rb1 (24. Bd2 $11 Ra4 25. h3 (25. Rb1 b4 $11)) 24... Qa6 (24... Qa8 $1 $17 {Strongly threatening ...Ra1.} 25. Rf1 (25. Rxb5 $2 Ra1+ 26. Bf1 Qa6 $19) 25... b4) 25. Bf1 (25. Ne1 $1 $11) 25... Ra1 $17 26. Rb3 (26. Rxa1 $17 Qxa1 27. c6) 26... b4 $19 27. Nd2 Qa4 28. g3 Rd1 29. Rb2 b3 $2 (29... e5 $19 {And now ...exd4 would win.} 30. Kg2 Re1) 30. Kg2 $15 Rxd2 31. Rxd2 Qa1 32. Bd3 (32. c6 $11 {keeps the balance.}) 32... b2 (32... e5 $1 $17) 33. Bc2 $2 (33. c6 $1 $11 b1=R 34. Bxb1 Qxb1 35. Re2) 33... b1=Q $17 34. Bxb1 Qxb1 {[%emt 0:00:12][%mdl 4096] Endgame KQ-KRB} 35. h4 (35. Re2 $17) 35... e5 $19 36. Kh2 Qb7 $2 (36... Qb3 $1 $19 {Hoping for ...Kf7.} 37. Kg1 Kf7) 37. Rc2 $1 $15 {[%emt 0:01:18] aiming for c6.} Kf7 $2 (37... Qc6 $1 $15 {stays ahead.}) 38. c6 $18 Qc7 39. Rc1 ({Only move:} 39. dxe5 $1 $16 fxe5 40. Bb6) 39... Ke6 (39... Ke7 $1 $11 {remains equal.}) 40. Rc5 ({White must play} 40. dxe5 $1 $16 fxe5 41. Bb6) 40... h5 {[%emt 0:01:07] [#]} (40... Ke7 $11) 41. Kg1 (41. Bd2 $1 $16 ) 41... Kf5 $2 (41... exd4 $1 $14 42. Bf4 Qc8) 42. dxe5 fxe5 {[%emt 0:01:09] [#]} 43. Rxd5 $2 (43. Bd2 $1 $18 ) 43... Qxc6 $15 {[%emt 0:01:16] Black is slightly better.} 44. Rd8 Kg4 45. Kh2 $1 Kf3 46. Rf8+ Ke2 {[%emt 0:00:39] ( -> ...Kf1)} 47. Kg1 Qe6 48. Kg2 Qd6 49. Rc8 Qd5+ 50. Kg1 Qd7 51. Rf8 Qd1+ 52. Kg2 Qb1 53. Rf6 Qb7+ 54. Kg1 Qb4 55. Rb6 Qe4 {[%emt 0:01:24] Weighted Error Value: White=0.51/Black=0.68} 1/2-1/2

[Event "SVK ECo-C Extraliga 2021-22"]
[Site "Slovakia"]
[Date "2022.06.11"]
[Round "10"]
[White "Gajdosik, Andrej"]
[Black "Kovacik Emil"]
[Result "1/2-1/2"]
[ECO "E05"]
[WhiteElo "2023"]
[BlackElo "2041"]
[Annotator "TA"]
[PlyCount "118"]
[EventDate "2021.10.21"]
[EventType "team-tourn"]
[EventCountry "SVK"]
[SourceTitle "playchess.com"]
[Source "ChessBase"]
[SourceQuality "1"]
[TimeControl "40/5400+30:1800+30"]

1. d4 d5 2. Nf3 Nf6 3. c4 e6 4. Nc3 Be7 5. g3 O-O 6. Bg2 dxc4 7. O-O Nc6 8. e4 Rb8 $1 {[%emt 0:07:14] 8...Rb8 scores better than 8...a6.} 9. Qa4 {[%emt 0:29:12] E05: Open Catalan: 5 Nf3 Be7.} Nb4 {[%emt 0:20:56] [#]} (9... Nxd4 $15 10. Nxd4 Qxd4) 10. Qxa7 $146 {[%emt 0:22:57] [#]} (10. a3 $1 $11 Bd7 11. Qd1) ({Predecessor:} 10. Be3 b5 11. Qd1 Nd3 12. Ne1 b4 13. Na4 Bd7 14. Nxd3 cxd3 15. Re1 Bb5 16. Nc5 Bxc5 17. dxc5 {1-0 (43) Santl,A (2206)-Rolle,E (2113) Bad Woerishofen 2001}) 10... Bd7 $1 $17 (10... Nc6 11. Qa4 $11) 11. Ne5 {[%emt 0:03:14] Black is better.} Nc6 (11... Qc8 $17 {Threatens to win with ...Ra8.} 12. Nxd7 (12. Nxc4 $2 Ra8 $19) 12... Qxd7) 12. Nxc6 $15 Bxc6 13. d5 exd5 {[%emt 0:05:02] Strongly threatening ...b6.} 14. exd5 Nxd5 15. Nxd5 Bxd5 16. Rd1 Ra8 17. Qd4 (17. Qe3 $142 c6 18. Bxd5 cxd5 19. Qe5) 17... Bxg2 $17 18. Kxg2 Qxd4 19. Rxd4 b5 20. Rd7 Bd6 21. Bf4 Bxf4 22. gxf4 {[%emt 0:00:04][%mdl 4096] Endgame KRR-KRR} c5 23. Rd5 Rfc8 24. Re1 (24. a3 $17) 24... Kf8 (24... Rxa2 25. Rxc5 Raa8 26. Rxb5 $11) 25. Rd7 Re8 {[%emt 0:01:14] Prevents Ree7.} ({And not} 25... Rxa2 26. Ree7 Kg8 27. Rxf7 $11) 26. Red1 Re4 (26... Re7 $19 {And now ...Rxd7 would win.} 27. Rd8+ Rxd8 28. Rxd8+ Re8 29. Rxe8+ Kxe8) 27. Rc7 Rxf4 ({Don't play} 27... Rxa2 28. Rdd7 $16) 28. Rxc5 Rb8 ({Black should try} 28... Rxa2 $17 29. Rxb5 g6) 29. Kg3 Rf6 30. Rd7 g6 31. Rcc7 (31. h4 $142) 31... h5 32. Rc5 Kg7 33. Rdd5 Rfb6 34. h4 Kf6 35. Kf4 R8b7 36. f3 Ke6 (36... Kg7 $17) 37. Re5+ $11 Kf6 ({Better is} 37... Kd6 $11) 38. Red5 $17 Kg7 39. Kg3 f6 ({Black should play} 39... Ra6 $17 40. Rxb5 Rc7) 40. Kf4 Kf7 41. Ke4 Ke6 42. f4 {[%emt 0:00:00] The position is equal.} Rd7 43. f5+ gxf5+ 44. Rxf5 Rd2 {[%emt 0:00:00] [#] aiming for ...Rbd6.} 45. Rxb5 Rxb2 46. Rxb6+ Rxb6 47. Rxh5 $11 {[%emt 0:00:00] KR-KR} Rc6 48. Rf5 c3 {[%emt 0:00:00] ( -> ...Rc4+)} 49. Rf1 c2 50. Rc1 Rc4+ 51. Kd3 Rxh4 52. Rxc2 f5 53. Rc6+ Kd5 54. Rc8 Rh3+ 55. Ke2 Rh2+ 56. Kf3 Rxa2 57. Re8 Ra4 58. Re7 Re4 59. Rxe4 fxe4+ {[%emt 0:00:30] Weighted Error Value: White=0.15 (very precise) /Black=0.19 (very precise)} 1/2-1/2

[Event "SVK ECo-C Extraliga 2021-22"]
[Site "Slovakia"]
[Date "2022.06.11"]
[Round "10"]
[White "Kardis, Benjamin"]
[Black "Banas, Kamil"]
[Result "0-1"]
[WhiteElo "2005"]
[BlackElo "2262"]
[Annotator "TA"]
[PlyCount "14"]
[EventDate "2021.10.21"]
[EventType "team-tourn"]
[EventCountry "SVK"]
[SourceTitle "playchess.com"]
[Source "ChessBase"]
[SourceQuality "1"]
[TimeControl "40/5400+30:1800+30"]

1. d4 d5 2. Nc3 Nf6 3. Bg5 Ne4 4. Nxe4 dxe4 5. Qd2 h6 6. Bf4 {[%emt 0:02:15] D01: Veresov Opening.} e6 {[%emt 0:03:08] [#]} 7. O-O-O $146 ({Predecessor:} 7. e3 Bd6 8. Ne2 Nd7 9. O-O-O O-O 10. h4 a5 11. g4 b5 12. g5 h5 13. Bxd6 cxd6 {1-0 (46) Aabling Thomsen,J (2320)-Frank Nielsen,M (1984) Copenhagen 2013}) 7... Bd6 {[%emt 0:01:20][%mdl 32768] Loss on time!?} 0-1

[Event "SVK ECo-C Extraliga 2021-22"]
[Site "Slovakia"]
[Date "2022.06.11"]
[Round "10.1"]
[White "Plat, Vojtech"]
[Black "Mihok, Oliver"]
[Result "1/2-1/2"]
[ECO "E62"]
[WhiteElo "2554"]
[BlackElo "2544"]
[Annotator "TA"]
[PlyCount "38"]
[EventDate "2021.10.21"]
[EventType "team-tourn"]
[EventCountry "SVK"]
[SourceTitle "playchess.com"]
[Source "ChessBase"]
[SourceQuality "1"]
[TimeControl "40/5400+30:1800+30"]

1. d4 Nf6 2. c4 g6 3. g3 Bg7 4. Bg2 O-O 5. Nc3 d6 6. Nf3 Nc6 7. O-O e5 8. dxe5 dxe5 9. Bg5 h6 10. Qxd8 Rxd8 11. Bxf6 {[%emt 0:00:06] White is slightly better. E62: King's Indian: Fianchetto: 6...c6 and Panno Variation (6...Nc6) without ...a6.} Bxf6 12. Nd5 Kg7 13. Nd2 {[%emt 0:07:56] [#]} {Predecessor:} Rd7 $146 14. Ne4 Be7 15. Nxe7 Rxe7 16. Nc5 Nd4 17. e3 Ne6 18. Nxb7 Bxb7 19. Bxb7 Rb8 {½-½ (38) Maze,S (2539)-Theodorou,N (2584) Paleochora 2021} 1/2-1/2

[Event "SVK ECo-C Extraliga 2021-22"]
[Site "Slovakia"]
[Date "2022.06.11"]
[Round "10.1"]
[White "Druska, Juraj"]
[Black "Gazik, Viktor"]
[Result "1/2-1/2"]
[ECO "A01"]
[WhiteElo "2523"]
[BlackElo "2549"]
[Annotator "TA"]
[PlyCount "39"]
[EventDate "2021.10.21"]
[EventType "team-tourn"]
[EventCountry "SVK"]
[SourceTitle "playchess.com"]
[Source "ChessBase"]
[SourceQuality "1"]
[TimeControl "40/5400+30:1800+30"]

1. b3 c5 2. Bb2 Nc6 3. e3 Nf6 4. Nf3 e6 5. d4 d5 6. Be2 cxd4 {[%emt 0:04:41] D05: Colle System with ...e6.} 7. Nxd4 Bb4+ 8. c3 {[%emt 0:02:31] [#] Hoping for Nxc6.} Bd6 {[%emt 0:02:07] The position is equal.} 9. O-O Nxd4 10. Qxd4 Qc7 11. c4 {[%emt 0:11:32] [#]} O-O $146 ({Predecessor:} 11... dxc4 12. Bxc4 Bxh2+ 13. Kh1 Bd6 14. Bb5+ Ke7 15. Rc1 Qa5 16. Nc3 a6 17. Rd1 Rd8 18. a4 Bb4 19. Qxd8+ Qxd8 20. Rxd8 Kxd8 {0-1 (37) Galoic,B (2031)-Postny,E (2575) Zagreb 2017}) 12. cxd5 (12. Na3 $5 ) 12... exd5 13. Na3 a6 {[%emt 0:04:16] Prevents Nb5.} 14. Rac1 {[%emt 0:00:20] White is slightly better.} Qe7 ({Less strong is} 14... Bxh2+ 15. Kh1 Qd6 16. g3 Bxg3 17. fxg3 $18) 15. Nc2 Be6 16. Ne1 Rfe8 17. Nd3 Qf8 18. Nc5 Re7 19. Bf3 Bf5 20. Qh4 {[%emt 0:01:22] Weighted Error Value: White=0.07 (flawless) /Black=0.12 (very precise)} ({Not} 20. Bxd5 $2 Be5 21. Qd2 Bxb2 22. Bxf7+ Qxf7 $19) (20. Qd2 $14 {is superior.}) 1/2-1/2

[Event "SVK ECo-C Extraliga 2021-22"]
[Site "Slovakia"]
[Date "2022.06.11"]
[Round "10.1"]
[White "Petenyi, Tamas"]
[Black "Krejci, Jan"]
[Result "1/2-1/2"]
[ECO "B40"]
[WhiteElo "2452"]
[BlackElo "2520"]
[Annotator "TA"]
[PlyCount "49"]
[EventDate "2021.10.21"]
[EventType "team-tourn"]
[EventCountry "SVK"]
[SourceTitle "playchess.com"]
[Source "ChessBase"]
[SourceQuality "1"]
[TimeControl "40/5400+30:1800+30"]

1. e4 c5 2. Nf3 e6 3. b3 a6 4. Bb2 Nc6 5. g3 d5 6. exd5 {[%emt 0:05:09] B40: Sicilian: 2...e6, Unusual lines.} exd5 7. Qe2+ Qe7 8. Qxe7+ (8. Nc3 {looks sharper.} Nf6 9. O-O-O Bg4 10. h3) 8... Ngxe7 9. Bg2 Bf5 10. d3 d4 {[%emt 0:00:01] Inhibits Nc3.} 11. O-O O-O-O 12. Nbd2 Nd5 13. a3 {[%emt 0:02:13] [#]} f6 $146 ({Predecessor:} 13... g6 14. Rfe1 h6 15. Nc4 Be6 16. Bc1 g5 17. Bd2 Bg7 18. Nfe5 Nxe5 19. Nxe5 Rhe8 {½-½ (64) Khetsuriani,B (2244)-Patrelakis,E (2235) Chania 2018}) 14. Rfe1 (14. b4 {is interesting.} cxb4 15. Nxd4 bxa3 16. Nxf5 axb2 17. Rab1) 14... Kc7 15. Ne4 (15. b4 $5) 15... a5 16. Rac1 Be7 17. c4 (17. Nfd2 $11) 17... dxc3 ({Black should try} 17... Nb6 $1 $15) 18. Nxc3 $11 Nxc3 (18... Bxd3 {[#]} 19. Nd4 $1 Nxd4 20. Nxd5+ Rxd5 21. Bxd5 (21. Rxe7+ Kd6 $14) 21... Ne2+ 22. Rxe2 $1 Bxe2 23. Re1 $16) 19. Bxc3 {[%emt 0:00:10] Black must now prevent Nh4.} Bxd3 {[%emt 0:14:50] [#]} (19... Rxd3 $2 20. Nh4 Bd7 21. Bxc6 $18) 20. Bxa5+ $1 b6 21. Bc3 ({White should play} 21. Bd2 $14) 21... Rhe8 22. b4 Bd6 23. Rxe8 Rxe8 24. bxc5 bxc5 25. Nd2 {[%emt 0:04:37] Weighted Error Value: White=0.15 (very precise) /Black=0.13 (very precise)} 1/2-1/2

[Event "SVK ECo-C Extraliga 2021-22"]
[Site "Slovakia"]
[Date "2022.06.11"]
[Round "10.2"]
[White "Zilka, Stepan"]
[Black "Nemeth, Miklos"]
[Result "1/2-1/2"]
[ECO "E17"]
[WhiteElo "2605"]
[BlackElo "2449"]
[Annotator "TA"]
[PlyCount "52"]
[EventDate "2021.10.21"]
[EventType "team-tourn"]
[EventCountry "SVK"]
[SourceTitle "playchess.com"]
[Source "ChessBase"]
[SourceQuality "1"]
[TimeControl "40/5400+30:1800+30"]

1. d4 Nf6 2. c4 e6 3. Nf3 b6 4. g3 Bb7 5. Bg2 Be7 6. O-O O-O 7. d5 exd5 8. Nh4 c6 9. cxd5 Nxd5 10. Nf5 Nc7 11. e4 d5 12. Nc3 Bf6 13. Bf4 Nba6 {[%emt 0:00:29] E17: Queen's Indian: 4 g3 Bb7 5 Bg2 Be7.} 14. e5 Bg5 15. Qg4 Ne6 {[%emt 0:00:05][%cal Oh7h5] [#] The position is equal.} 16. Bxg5 $146 (16. Ne2 {with more complications.} g6 17. Nd6 Bxf4 18. Nxf4 Nxf4 19. gxf4 f5 20. Qg3) ({Predecessor:} 16. Nd6 Bc8 17. Nxc8 Rxc8 18. Rad1 Nac7 19. Ne4 Be7 20. Bc1 f5 21. exf6 Bxf6 22. h4 {0-1 (40) Adnani,M (2448)-Saeed,I (2434) Riadh 2017}) 16... Qxg5 17. Qxg5 Nxg5 18. f4 Ne6 19. Nd6 Bc8 20. a3 Nd4 21. b4 $1 $36 {[%emt 0:07:47][%mdl 2048] White has some pressure.} Nc7 22. b5 (22. Rad1 $14 Nf5 23. b5) 22... Ncxb5 23. Ncxb5 Nxb5 24. Nxb5 cxb5 25. Rac1 Bf5 26. Rc7 (26. Bxd5 $15 {is superior.} Rad8 27. Bc6) 26... a5 {[%emt 0:09:45] Weighted Error Value: White=0.21 (precise) /Black=0.16 (very precise)} (26... Rfd8 $17 27. Rd1 Be6) 1/2-1/2

[Event "SVK ECo-C Extraliga 2021-22"]
[Site "Slovakia"]
[Date "2022.06.11"]
[Round "10.2"]
[White "Aczel, Gergely"]
[Black "Zwardon, Vojtech"]
[Result "0-1"]
[ECO "E46"]
[WhiteElo "2545"]
[BlackElo "2468"]
[Annotator "TA"]
[PlyCount "92"]
[EventDate "2021.10.21"]
[EventType "team-tourn"]
[EventCountry "SVK"]
[SourceTitle "playchess.com"]
[Source "ChessBase"]
[SourceQuality "1"]
[TimeControl "40/5400+30:1800+30"]

1. d4 Nf6 2. c4 e6 3. Nc3 Bb4 4. e3 O-O 5. Bd2 d5 6. Nf3 b6 7. cxd5 exd5 8. Rc1 Bb7 9. Bd3 a6 10. O-O Bd6 $1 {[%emt 0:00:11] 10...Bd6 scores better than 10...Nbd7.} 11. Ne5 {[%emt 0:00:09] E52: Nimzo-Indian: Rubinstein: 4...0-0 5 Nf3 d5 6 Bd3 b6.} c5 12. f4 Nc6 13. Na4 {[%emt 0:00:23][%cal Rd4c5] [#] White has an edge.} Rc8 $146 (13... c4 $5 14. Bc2 b5 $11) ({Predecessor:} 13... c4 14. Bb1 b5 15. Nc3 b4 16. Na4 a5 17. Be1 Ne8 18. Qh5 g6 19. Qh6 f5 {1-0 (44) Sandipan,C (2597)-Agdestein,S (2637) Warsaw 2014}) 14. dxc5 bxc5 (14... Bxe5 15. fxe5 Nxe5 16. Bf5 $16) 15. Nxc5 Bxc5 16. Rxc5 Qd6 17. Rc3 Nxe5 18. fxe5 Qxe5 19. Rb3 Bc6 20. Bxa6 Ra8 21. Rb6 Qc7 22. Qb3 (22. Ba5 Nd7 23. Qd4 Rfe8 $17) 22... Ne4 (22... Rab8 $14 23. Ba5 (23. Rxb8 Rxb8 24. Qc2 Qb6 $14) 23... Qe5) 23. Ba5 $1 $16 {[%emt 0:02:44] Threatens to win with Rc1.} Rfe8 $2 (23... Qd7 $16) 24. Qc2 $2 (24. Rc1 $18 {and the rest is easy.}) 24... Re6 25. b4 {[%emt 0:01:54][%cal Bb2b4,Bb4b5][%mdl 32] b5 is the strong threat.} Qa7 $1 {[%emt 0:06:51][%cal Oc6a4] Hoping for ...Ba4!} (25... Rh6 26. g3 Qa7 27. Rxc6 $16) 26. Qd3 (26. Qc1 $14) 26... h6 (26... Ba4 $11 27. Bb7 (27. Qxd5 Nf6 $11) 27... Rxb6 28. Bxa8 (28. Bxd5 Rf6 $17) 28... Rd6 29. Bxd5 Rxd5 30. Qxe4 (30. Qxd5 Qxe3+ 31. Kh1 Nf2+ 32. Kg1 Nh3+ 33. Kh1 Qg1+ 34. Rxg1 Nf2#) 30... Qd7) 27. Qd4 $1 $14 Qe7 $1 28. Bd3 {[%emt 0:07:26] This bishop pair is nice.} (28. Be2 $16) 28... Qg5 (28... Nd2 $1 $11) 29. Be2 (29. Rf4 $16) 29... Rae8 $2 ({But not} 29... Rg6 30. Bf3 $16) (29... Be8 $11) 30. b5 $1 $18 Bd7 31. Rxe6 Rxe6 32. Be1 Nd6 33. a4 Re4 34. Qc5 Nf5 (34... Qxe3+ {was worth a try.} 35. Qxe3 Rxe3) 35. Bd2 (35. Qxd5 $142 Qxe3+ 36. Bf2 Qxe2 37. Qxd7) 35... Nd4 $2 {[%emt 0:01:18] [#]} (35... Nh4 {is more resistant.} 36. Rf2 (36. g3 Bh3 $16) 36... Rxa4) 36. exd4 $4 (36. Bd1 $1 $18) 36... Qxd2 $19 37. Qxd5 Rxe2 38. Qxf7+ Kh7 39. Qd5 Qe3+ {[%emt 0:00:50] Black mates.} 40. Kh1 Re1 41. Qf7 {[%emt 0:04:47] [#]} Be8 $1 42. Qf8 Bg6 43. h3 Be4 44. Kh2 Re2 45. Rg1 Qd2 46. Qf1 Rf2 {[%emt 0:00:01] What a fight!  Weighted Error Value: White=0.66/Black=0.39} 0-1